 Dungeon Crawl Stone Soup version 0.28-a0-1404-g4df0f3684d (webtiles) character file.

Game seed: 3697135191097717839

93 ryw the Shooter (level 4, -1/24 HPs)
             Began as a Deep Elf Arcane Marksman on Jan 6, 2022.
             Slain by an ice beast (11 damage)
             ... on level 3 of the Dungeon.
             The game lasted 00:07:07 (2877 turns).

ryw the Shooter (Deep Elf Arcane Marksman)          Turns: 2877, Time: 00:07:09

Health: -1/24      AC:  3    Str:  7    XL:     4   Next: 36%
Magic:  7/8        EV: 13    Int: 18    God:
Gold:   94         SH:  0    Dex: 17    Spells: 5/6 levels left

rFire   . . .      SeeInvis .   b - +0 shortbow
rCold   . . .      Faith    .   (shield currently unavailable)
rNeg    . . .      Spirit   .   d - +0 robe
rPois   .          Reflect  .   i - +0 helmet
rElec   .          Harm     .   (no cloak)
rCorr   .          Rampage  .   (no gloves)
Will    .....                   (no boots)
Stlth   ++........              o - amulet of magic regeneration
HPRegen 0.08/turn               (no ring)
MPRegen 0.51/turn               (no ring)

@: no status effects
A: no striking features
a: no special abilities


You were on level 3 of the Dungeon.
You visited 1 branch of the dungeon, and saw 3 of its levels.

You collected 94 gold pieces.

Inventory:

Hand Weapons
 a - a +0 short sword
 b - a +0 shortbow (weapon)
 n - the +5 hand axe "Akuth" {antimagic, Str+3}
   (You found it on level 3 of the Dungeon)

   It reduces the magical energy of the wielder, and disrupts the spells and
   magical abilities of those it strikes.
   Natural abilities and divine invocations are not affected.
   Str:       It affects your strength (+3).
Missiles
 c - 5 arrows (quivered ammo)
Armour
 d - a +0 robe (worn)
 i - a +0 helmet (worn)
Jewellery
 o - an amulet of magic regeneration (around neck)
Scrolls
 f - a scroll of identify
 k - a scroll of noise {unknown}
 m - a scroll of fear {unknown}
Potions
 e - a potion of lignification {unknown}
 g - 3 potions of attraction {unknown}
 h - a potion of mutation {unknown}
 j - a potion of invisibility {unknown}
 l - a potion of brilliance
 p - a potion of might {unknown}


   Skills:
 - Level 0.7 Fighting
 + Level 6.2 Bows
 - Level 2.4 Dodging
 - Level 1.5 Spellcasting
 - Level 4.0 Hexes


You had 5 spell levels left.
You knew the following spells:

 Your Spells              Type           Power      Damage    Failure   Level
a - Slow                  Hex            60%        N/A       3%          1

Your spell library contained the following spells:

 Spells                   Type           Power      Damage    Failure   Level
 Inner Flame              Hex/Fire       8%         N/A       26%         3
 Portal Projectile        Hex/Tloc       16%        N/A       26%         3
 Cause Fear               Hex            7%         N/A       36%         4


Dungeon Overview and Level Annotations

Branches:
Dungeon (3/15)

Altars:
Makhleb

Shops:
D:1 =   D:2 (

Annotations:
D:2 Sigmund


Message History

Press: ? - help, Q - select action, (/) - cycle Shift-Dir - straight line, f/p - ice beast
Aim: an ice beast (severely wounded, slow, 63% to hit)
You shoot an arrow. The arrow barely misses the ice beast.
Unknown command.
There is a stone staircase leading up here.
Fire: 8 arrows
Press: ? - help, Q - select action, (/) - cycle Shift-Dir - straight line, f/p - ice beast
Aim: an ice beast (severely wounded, slow, 63% to hit)
You shoot an arrow. The arrow closely misses the ice beast.
Fire: 7 arrows
Press: ? - help, Q - select action, (/) - cycle Shift-Dir - straight line, f/p - ice beast
Aim: an ice beast (heavily wounded, slow, 63% to hit)
Okay, then.
The ice beast is no longer moving slowly.
Really walk into a travel-excluded area?
Okay, then.
Press: ? - help, . - travel You can't see that place. [the floor.] Reduced exclusion size to a single square.
Removed exclusion.
Fire: 7 arrows
Press: ? - help, Q - select action, (/) - cycle Shift-Dir - straight line, f/p - ice beast
Aim: an ice beast (heavily wounded, 63% to hit)
You shoot an arrow. The arrow hits the ice beast.
The ice beast is severely wounded.
Fire: 6 arrows
Press: ? - help, Q - select action, (/) - cycle Shift-Dir - straight line, f/p - ice beast
Aim: an ice beast (severely wounded, 63% to hit)
You shoot an arrow.
The arrow hits the ice beast but does no damage.
The ice beast is severely wounded.
Casting: Slow (safe; 3% risk of failure)
Confirm with . or Enter, or press ? or * to list all spells.
Aiming: Slow (safe; 3% risk of failure)
Press: ? - help, Shift-Dir - straight line, f/p - ice beast
Aim: an ice beast (severely wounded, chance to affect: 54%)
The ice beast seems to slow down.
The ice beast hits you. The ice beast freezes you!
You die...

#.# #.# #.#
#.## #..##
##...##
#.....####.##
#............
###....@####Y
#.....Y##
#....(.#
......#.(.##
#####.##.##
.. #.# ... ##
#<# ... ##'##
(. ##...## ..


You could see an ice beast (slow).

Vanquished Creatures
  Robin (D:2)
  A gnoll (D:1)
  An adder (D:2)
  A worm (D:2)
  A dart slug (D:1)
  A bat (D:2)
  2 endoplasms (D:1)
  A giant cockroach (D:1)
  15 goblins
  6 hobgoblins
  4 kobolds (D:1)
  3 quokkas (D:1)
  6 ball pythons
  5 frilled lizards
  6 rats
54 creatures vanquished.

Notes
Turn   | Place    | Note
-------+----------+-------------------------------------------
     0 | D:1      | ryw the Deep Elf Arcane Marksman began the quest for the
                  | Orb.
     0 | D:1      | Reached XP level 1. HP: 11/11 MP: 5/5
    62 | D:1      | Reached skill level 3 in Bows
    91 | D:1      | Reached skill level 4 in Bows
    91 | D:1      | Reached XP level 2. HP: 16/16 MP: 6/6
   113 | D:1      | Found Comei's Jewellery Boutique.
   397 | D:1      | Found a faded altar of an unknown god.
   415 | D:1      | Reached XP level 3. HP: 20/20 MP: 7/7
   664 | D:1      | Reached skill level 5 in Bows
  1005 | D:2      | Noticed Robin
  1184 | D:2      | Found a burning altar of Makhleb.
  1388 | D:2      | Noticed Sigmund
  1489 | D:2      | Found Difemon's Weapon Shop.
  1512 | D:2      | Reached XP level 4. HP: 16/24 MP: 8/8
  2096 | D:2      | Killed Robin
  2097 | D:2      | Reached skill level 6 in Bows
  2797 | D:3      | Noticed an ice beast
  2798 | D:3      | Identified the +5 hand axe "Akuth" {antimagic, Str+3}
  2877 | D:3      | Slain by an ice beast

Illustrated notes

Levels and vault maps discovered:
D:1:      ncdulo_halloftheorcs, layout_loops_ring, serial_shops, shop,
          hellmonk_ecumenical_altar_heavens_door, minmay_crystal_room,
          minmay_tiny_reverse_x
D:2:      layout_loops_corners, basic_altar, serial_shops,
          nicolae_shop_hallway_plus, uniq_robin, uniq_sigmund
D:3:      layout_loops_corners, mainiacjoe_overflow_brackets, marbit_many_paths

Skill      XL: |  1  2  3  4 |
---------------+-------------+-----
Bows           | 4 5 6 |  6.2
Fighting       | |  0.7
Dodging        | |  2.4
Spellcasting   | |  1.5
Hexes          | |  4.0

Action                   |  1- 3 |  4- 6 || total
-------------------------+-------+-------++-------
 Fire: Shortbow          |   114 |    45 ||   159
 Cast: Slow              |     1 |     3 ||     4
  Use: Scroll            |     1 |       ||     1
Armor: Robe              |     3 |     6 ||     9
Dodge: Dodged            |    22 |    11 ||    33

Table legend: (Time is in decaauts)
 A = Elapsed time spent in this place.
 B = Non-inter-level travel time spent in this place.
 C = Inter-level travel time spent in this place.
 D = Time resting spent in this place.
 E = Time spent auto-exploring this place.
 F = Levels seen in this place.
 G = Mean time per level.
                   A        B        C        D        E       F      G
               +--------+--------+--------+--------+--------+-----+--------+
         Total |   2884 |   2669 |    215 |    378 |   1728 |   3 |  961.3 |
       Dungeon |   2884 |   2669 |    215 |    378 |   1728 |   3 |  961.3 |
               +--------+--------+--------+--------+--------+-----+--------+

Top non-repeatable levels by time:
     D:1: 1490 daAuts
     D:2: 1304 daAuts
     D:3: 88 daAuts
